 Dungeon Crawl Stone Soup version 0.22-a0-395-gfed312b (webtiles) character file.

42 Gildeon the Ruffian (level 3, -3/28 HPs)
             Began as a Draconian Transmuter on May 3, 2018.
             Slain by a worm (8 damage)
             ... on level 2 of the Dungeon.
             The game lasted 00:09:46 (1092 turns).

Gildeon the Ruffian (Draconian Transmuter)          Turns: 1092, Time: 00:09:47

Health: -3/28      AC:  5    Str: 12    XL:     3   Next: 33%
Magic:  6/6        EV: 12    Int: 14    God:
Gold:   56         SH:  0    Dex: 11    Spells: 1/7 levels left

rFire    . . .     SeeInvis .     - Unarmed
rCold    . . .     Gourm    .   (no shield)
rNeg     . . .     Faith    .   (armour unavailable)
rPois    .         Spirit   .   (helmet restricted)
rElec    .         Reflect  .   (no cloak)
rCorr    .         Harm     .   (no gloves)
MR       .....                  (no boots)
Stlth    +.........             (no amulet)
HPRegen  0.09/turn              (no ring)
MPRegen  0.10/turn              (no ring)

@: appendage (expiring)
A: unfitting armour, horns 2, stinger 1, blurry vision 1, cold-blooded, AC +5
a: End Transformation


You were on level 2 of the Dungeon.
You were not hungry.
You had grown temporary horns.
You visited 1 branch of the dungeon, and saw 2 of its levels.

You collected 56 gold pieces.

Inventory:

Missiles
 a - 27 arrows
Scrolls
 b - 2 scrolls of identify
 d - a scroll of enchant weapon {unknown}
Potions
 e - a potion of curing
Comestibles
 c - 3 rations
 f - a chunk of flesh


   Skills:
 - Level 1.3 Fighting
 - Level 1.7 Dodging
 + Level 3.3 Unarmed Combat
 - Level 2.5 Spellcasting
 - Level 3.0 Transmutations


You had one spell level left.
You knew the following spells:

 Your Spells              Type           Power        Failure   Level  Hunger
a - Beastly Appendage     Tmut           ##....       7%          1    #......
b - Sticks to Snakes      Tmut           ##......     10%         2    ###....
c - Spider Form           Tmut/Pois      #.........   36%         3    ###....


Dungeon Overview and Level Annotations

Branches:
Dungeon (2/15)

Altars:


Innate Abilities, Weirdness & Mutations

Your plain brown scales are hard. (AC +5)
You cannot fit into any form of body armour.
You are cold-blooded and may be slowed by cold attacks.
You have a pair of horns on your head.
Your tail ends in a poisonous barb.
Scrolls take you a little longer to read.


Message History

You hit the worm.
The worm is moderately wounded.
The worm bites you but does no damage.
You barely miss the worm.
The worm is moderately wounded.
You hit the worm.
The worm is heavily wounded.
The worm barely misses you.
You hit the worm but do no damage.
You tail-slap the worm, but do no damage.
The worm is moderately wounded.
You hit the worm.
The worm is severely wounded.
Your transformation is almost over.
The worm barely misses you.
You hit the worm.
You tail-slap the worm, but do no damage.
The worm is almost dead.
The worm bites you!
You die...

......... ......#
........# #.....#
........# #.....#
........# #.....#
......?.# #.....###
........# #........
........####.#..#.###
.......)w@..........
........####.##.#.##
........# #.........
.......## #[....#.##
..<.... #..)..#
....... #.....#.#
....... #.<.....#
....... #.......#
#.......#


You could see a worm.

Vanquished Creatures
  An ooze (D:1)
  A worm (D:2)
  3 leopard geckos (D:1)
  3 bats (D:1)
  A giant cockroach (D:1)
  3 goblins (D:1)
  4 hobgoblins
  3 jackals (D:1)
  6 kobolds
  2 frilled lizards (D:1)
  A rat (D:1)
28 creatures vanquished.

Notes
Turn   | Place    | Note
-------+----------+-------------------------------------------
     0 | D:1      | Gildeon the Draconian Transmuter began the quest for the Orb.
     0 | D:1      | Reached XP level 1. HP: 16/16 MP: 3/3
   116 | D:1      | Reached XP level 2. HP: 21/23 MP: 3/5
   127 | D:1      | Learned a level 2 spell: Sticks to Snakes
   264 | D:1      | Gained mutation: Scrolls take you a little longer to read. [potion of mutation]
   264 | D:1      | Gained mutation: Your tail ends in a poisonous barb. [potion of mutation]
   636 | D:1      | Reached XP level 3. HP: 26/28 MP: 4/6
   644 | D:1      | Learned a level 3 spell: Spider Form
  1092 | D:2      | Slain by a worm

Vault maps used:
D:1:      lemuel_arrival_lava_pool

Skill      XL: |  1  2 |
---------------+-------+-----
Transmutations | 3 |  3.0
Fighting       | |  1.3
Dodging        | |  1.7
Unarmed Combat | |  3.3
Spellcasting   | |  2.5

Action                   || total
-------------------------++-------
Melee: Unarmed           ||   106
       Tailslap          ||     9
       Headbutt          ||     7
       Kick              ||     3
       Punch             ||     1
 Cast: Beastly Appendage ||    19
  Use: Scroll            ||     2
       Potion            ||     1
  Eat: Chunk             ||     1
Armor: Skin              ||    32
Dodge: Dodged            ||    73

Table legend:
 A = Spawn XP
 B = Non-spawn XP
 C = Spawn XP percentage of total XP
 D = Spawn monster count
 E = Non-spawn monster count
 F = Spawn count percentage of total count
 G = Total turns spent on level
                    A         B        C        D         E        F      G
               +---------+---------+-------+---------+---------+-------+---------
         Total |       0 |      60 |   0.0 |       0 |      28 |   0.0 |  1092
               +---------+---------+-------+---------+---------+-------+---------
           D:1 |       0 |      51 |   0.0 |       0 |      25 |   0.0 |  1045
           D:2 |       0 |       9 |   0.0 |       0 |       3 |   0.0 |    47
               +---------+---------+-------+---------+---------+-------+---------
